 Dungeon Crawl Stone Soup version 0.30.0-10-gfe55d96785 (webtiles) character file.

Game seed: 7434796125827944604

240 Byczy the Caller (level 5, -8/28 HPs)
             Began as a Deep Elf Summoner on May 15, 2023.
             Killed by an exploding themself (20 damage)
             ... ignited by their inner flame
             ... on level 4 of the Dungeon.
             The game lasted 00:12:55 (2783 turns).

Byczy the Caller (Deep Elf Summoner)                Turns: 2783, Time: 00:12:56

Health: -8/28      AC:  6    Str:  5    XL:     5   Next: 80%
Magic:  6/15       EV: 10    Int: 22    God:
Gold:   167        SH:  0    Dex: 15    Spells: 6/15 levels left

rFire   . . .        c - +0 club (heavy)
rCold   . . .        (no shield)
rNeg    . . .        a - +0 robe
rPois   .            (no helmet)
rElec   .            (no cloak)
rCorr   .            (no gloves)
SInv    .            (no boots)
Will    .....        h - amulet of magic regeneration
Stlth   +++          k - ring "Ommese Apita" {AC+4 Stlth+}
HPRegen 0.24/turn    (no ring)
MPRegen 0.54/turn

%: no passive effects
@: grasped by roots, constricted
A: no striking features
a: no special abilities


You were on level 4 of the Dungeon.
You visited 1 branch of the dungeon, and saw 4 of its levels.

You collected 167 gold pieces.

Inventory:

Hand Weapons
 c - a +0 heavy club (weapon)
Armour
 a - a +0 robe (worn)
 l - a +0 helmet
Jewellery
 h - an amulet of magic regeneration (around neck)
 k - the ring "Ommese Apita" (left hand) {AC+4 Stlth+}
   (You found it on level 2 of the Dungeon)

   [ring of protection]

   AC:        It affects your AC (+4).
   Stlth:     It makes you more stealthy.
 s - an amulet of guardian spirit
Scrolls
 e - 2 scrolls of teleportation
 g - a scroll of identify
 i - a scroll of fear {unknown}
 m - a scroll of acquirement {unknown}
 o - 3 scrolls of blinking {unknown}
Potions
 b - a potion of magic
 d - a potion of haste {unknown}
 f - 7 potions of curing
 n - 2 potions of mutation {unknown}
 p - a potion of brilliance {unknown}
 q - a potion of berserk rage {unknown}
 r - a potion of cancellation {unknown}


   Skills:
 + Level 0.1 Fighting
 + Level 0.1 Maces & Flails
 + Level 2.7 Dodging
 + Level 3.2 Stealth
 + Level 5.9 Spellcasting
 + Level 6.0 Summonings


You had 6 spell levels left.
You knew the following spells:

 Your Spells              Type           Power      Damage    Failure   Level
a - Summon Small Mammal   Summ           100%       N/A       1%          1
b - Call Imp              Summ           66%        N/A       1%          2
c - Call Canine Familiar  Summ           33%        N/A       2%          3
d - Summon Guardian Gole  Hex/Summ       19%        N/A       8%          3

Your spell library contained the following spells:

 Spells                   Type           Power      Damage    Failure   Level
 Necrotise                Necr           24%        1d5       10%         1
 Summon Lightning Spire   Summ/Air       19%        N/A       26%         4
 Vampiric Draining        Necr           6%         2d6       28%         3
 Agony                    Necr           6%         N/A       95%         5


Dungeon Overview and Level Annotations

Branches:
Dungeon (4/15)
 Temple: D:4-7

Altars:
Kikubaaqudgha

Annotations:
D:4 Eustachio


Message History

The grasping roots constrict your guardian golem.
The grasping roots constrict you.
Your cerulean imp hits Eustachio but does no damage.
Your guardian golem overheats!
Your guardian golem struggles to escape constriction.
Your wolf bites Eustachio.
Eustachio hits your wolf with a +0 falchion!
Flame seeps out of your guardian golem. The grasping roots constrict your wolf!
The grasping roots constrict your guardian golem.
Flame seeps out of your guardian golem. The grasping roots constrict you.
Flame seeps out of your guardian golem.
Your wolf bites Eustachio!
Your cerulean imp hits Eustachio from afar with a -1 spear.
Your guardian golem is engulfed in blazing flames.
Flame seeps out of your guardian golem.
Your guardian golem struggles to escape constriction.
You are too injured to fight recklessly!
Unknown command.
Casting: Summon Small Mammal (safe; 1% risk of failure)
Confirm with . or Enter, or press ? or * to list all spells.
The roots release their grip on your wolf.
Your wolf closely misses Eustachio.
Eustachio zaps a wand.
The roots erupt in riotous growth!
Roots grab your wolf.
Eustachio is unaffected.
Roots grab your quokka.
Your guardian golem is unaffected.
The grasping roots constrict your wolf.
The grasping roots constrict your guardian golem.
The grasping roots constrict your quokka.
The grasping roots constrict you.
Your cerulean imp hits Eustachio from afar with a -1 spear.
Your guardian golem is engulfed in blazing flames.
Your guardian golem disappears in a puff of smoke!
Your guardian golem explodes!
The fiery explosion engulfs your wolf!!
Your wolf dies!
Your wolf's corpse disappears in a puff of smoke!
The fiery explosion engulfs you!!
Ouch! That really hurt!
You die...

### ##.# #..####
##.$.@r### #....§§5.##
###### ####.##@○§..#
.....# #.....##r§..#
.....# #....## .....).
.....# ##...#####......
..#######..##...........
.......##...#...........
...................###.#
.....##....#...... .#
......#....#......


You could see Eustachio (ally target), a friendly cerulean imp (summoned,
sheltered), a friendly quokka (summoned, rooted) and a friendly rat (summoned,
sheltered).

Vanquished Creatures
  3 bats
  A frilled lizard (D:1)
  A rat (D:1)
5 creatures vanquished.

Vanquished Creatures (collateral kills)
  A scorpion (D:4)
  An iguana (D:4)
  6 adders
  4 worms (D:2)
  4 dart slugs
  2 orcs (D:4)
  5 endoplasms
  2 giant cockroaches (D:3)
  8 goblins
  6 hobgoblins
  6 jackals (D:2)
  3 kobolds
  5 quokkas
  14 ball pythons
  3 frilled lizards
  8 rats
78 creatures vanquished.

Grand Total: 83 creatures vanquished

Notes
Turn   | Place    | Note
-------+----------+-------------------------------------------
     0 | D:1      | Byczy the Deep Elf Summoner began the quest for the Orb.
     0 | D:1      | Reached XP level 1. HP: 10/10 MP: 6/6
    87 | D:1      | Found a faded altar of an unknown god.
   128 | D:1      | Reached XP level 2. HP: 12/15 MP: 5/8
   931 | D:2      | Learned a level 2 spell: Call Imp
  1012 | D:2      | Reached XP level 3. HP: 19/19 MP: 8/10
  1095 | D:2      | Reached skill level 5 in Summonings
  1254 | D:2      | Learned a level 3 spell: Call Canine Familiar
  1276 | D:2      | Identified the ring "Ommese Apita" {AC+4 Stlth+}
  1397 | D:2      | Reached XP level 4. HP: 24/24 MP: 12/12
  1413 | D:2      | Reached skill level 5 in Spellcasting
  2126 | D:3      | Found an ancient bone altar of Kikubaaqudgha.
  2147 | D:3      | Learned a level 3 spell: Summon Guardian Golem
  2378 | D:3      | Reached XP level 5. HP: 28/28 MP: 11/14
  2713 | D:4      | Reached skill level 6 in Summonings
  2744 | D:4      | Noticed Eustachio
  2783 | D:4      | Killed by an exploding themself... ignited by their inner
                  | flame

Illustrated notes

Levels and vault maps discovered:
D:1:      heliophobic_arrival_enchanted_forest, layout_basic,
          nicolae_ecumenical_lake_church
D:2:      layout_loops_ring
D:3:      layout_basic, lemuel_doored_altar, minmay_shallow_snake_nest
D:4:      layout_cave_pools, serial_shops, shop, shop,
          nicolae_elevator_lobby_plus, uniq_eustachio

Skill      XL: |  1  2  3  4  5 |
---------------+----------------+-----
Spellcasting   | 4 5 |  5.9
Summonings     | 5 6 |  6.0
Stealth        | 3 |  3.2
Fighting       | |  0.1
Maces & Flails | |  0.1
Dodging        | |  2.7

Action                     |  1- 3 |  4- 6 || total
---------------------------+-------+-------++-------
  Melee: Club              |    11 |     9 ||    20
         Unarmed           |     1 |       ||     1
   Cast: Summon Small Mamm |    54 |    24 ||    78
         Call Imp          |     5 |     8 ||    13
         Call Canine Famil |     1 |    14 ||    15
         Summon Guardian G |       |     2 ||     2
    Use: Scroll            |     2 |     3 ||     5
   Stab: Sleeping          |       |     1 ||     1
 Armour: Robe              |     4 |     3 ||     7
  Dodge: Dodged            |    15 |    17 ||    32
